 Dungeon Crawl Stone Soup version 0.31-a0-865-g3d5d91748a (webtiles) character file.

Game seed: 12849955648535122664

5417 tabstorm the Cleaver (level 10, -4/86 HPs)
             Began as an Armataur Monk on Oct 11, 2023.
             Was an Elder of Okawaru.
             Slain by a death yak (27 damage)
             ... on level 7 of the Dungeon.
             The game lasted 00:16:57 (8300 turns).

tabstorm the Cleaver (Armataur Monk)                Turns: 8300, Time: 00:16:58

Health: -4/86      AC:  7    Str: 28    XL:     10   Next: 40%
Magic:  13/13      EV:  9    Int: 10    God:    Okawaru [****..]
Gold:   83         SH:  0    Dex: 12    Spells: 9/9 levels left

rFire   . . .        Q - +4 dire flail (freeze)
rCold   + + .        (shield currently unavailable)
rNeg    . . .        y - +0 scale mail {rC+}
rPois   .            (no helmet)
rElec   .            (no cloak)
rCorr   .            u - +0 pair of gloves
SInv    .            (no barding)
Will    .....        (no amulet) Stlth
                     j - +6 ring of strength
HPRegen 0.34/turn    G - ring of protection from cold
MPRegen 0.13/turn

%: roll
@: about to teleport
A: large, rugged brown scales 3, deformed body, armoured tail, roll, long
tongue, awkward tongue
a: Renounce Religion, Heroism, Finesse


You were on level 7 of the Dungeon.
You worshipped Okawaru.
Okawaru was greatly pleased with you.
You visited 2 branches of the dungeon, and saw 9 of its levels.

You collected 405 gold pieces.
You spent 322 gold pieces at shops.

Inventory:

Hand Weapons
 a - a +0 hand axe
 B - a +2 dagger of venom
 J - a +1 halberd of freezing
 K - a +0 war axe
 Q - a +4 dire flail of freezing (weapon)
Missiles
 i - 72 stones (quivered)
Armour
 d - an orb of light
 u - a +0 pair of gloves (worn)
 x - the +0 helmet "Dyhuf" {+Blink rF- Dex+2 Stlth+}
   (You found it on level 4 of the Dungeon)

   Dex+2:     It affects your dexterity (+2).
   rF-:       It makes you vulnerable to fire.
   +Blink:    It lets you blink.
   Stlth+:    It makes you more stealthy.
 y - a +0 scale mail of cold resistance (worn)
 P - a +0 plate armour
Jewellery
 j - a +6 ring of strength (left hand)
 n - an amulet of magic regeneration
 G - a ring of protection from cold (right hand)
Talismans
 t - a blade talisman
Scrolls
 b - a scroll of identify
 f - 2 scrolls of noise
 g - 2 scrolls of silence {unknown}
 m - 3 scrolls of teleportation
 o - 2 scrolls of amnesia {unknown}
 p - 2 scrolls of enchant armour
 q - a scroll of poison {unknown}
 r - a scroll of vulnerability {unknown}
 s - 2 scrolls of acquirement {unknown}
 A - a scroll of brand weapon {unknown}
 C - 2 scrolls of revelation {unknown}
 E - a scroll of blinking {unknown}
 F - a scroll of immolation {unknown}
Potions
 c - a potion of ambrosia
 e - 4 potions of heal wounds
 h - 3 potions of curing
 k - a potion of mutation {unknown}
 l - 4 potions of attraction
 v - a potion of resistance {unknown}
 z - a potion of enlightenment {unknown}
 D - 5 potions of brilliance
 H - 2 potions of degeneration {unknown}
 L - a potion of lignification {unknown}
 M - a potion of haste
 N - a potion of cancellation
 O - a potion of berserk rage {unknown}


   Skills:
 - Level 5.4 Fighting
 - Level 14.0 Axes
 * Level 2.1 Armour
 - Level 2.4 Dodging
 * Level 4.9 Invocations


You had 9 spell levels left.
You didn't know any spells.
Your spell library contained the following spells:

 Spells                   Type           Power      Damage    Failure   Level
 Apportation              Tloc           0%         N/A       63%         1
 Necrotise                Necr           0%         1d4       63%         1
 Shock                    Conj/Air       0%         1d3       63%         1
 Lesser Beckoning         Tloc           0%         N/A       77%         2
 Sublimation of Blood     Necr           0%         N/A       77%         2
 Wereblood                Tmut           0%         N/A       77%         2
 Gell's Gravitas          Tloc           0%         N/A       94%         3
 Swiftness                Air            0%         N/A       94%         3
 Teleport Other           Tloc           0%         N/A       94%         3
 Airstrike                Air            0%         2d(0-16)  100%        4
 Petrify                  Tmut/Erth      0%         N/A       100%        4
 Irradiate                Conj/Tmut      0%         3d11      100%        5
 Summon Small Mammal      Summ           Unusable   N/A       N/A         1
 Summon Hydra             Summ           Unusable   N/A       N/A         7

Dungeon Overview and Level Annotations

Branches:
Dungeon (8/15)             Temple (1/1) D:4            Lair (0/5) D:8

Altars:
Elyvilon
Fedhas
Gozag
Kikubaaqudgha
Makhleb
Nemelex Xobeh
Okawaru
Qazlal
Ru
Sif Muna
Trog
Uskayaw
Wu Jian
Xom
Zin
The Shining One

Shops:
D:7 !   D:8 (:**

Annotations:
D:5 2 transporters, croobank's ghost, amateur GnDe
D:7 exclusion: downstairs
D:8 3 runed translucent doors, javelincjr's ghost, novice OpCj


Innate Abilities, Weirdness & Mutations

You are completely covered in rugged brown scales. (AC +3, +7% HP)
Armour fits poorly on your strangely shaped body.
You have a long armoured tail.
You roll when moving toward enemies. (Rampage)
Your long tongue fully drains potion bottles. (2x potion effects)
Your tongue gives you trouble enunciating. (1.5x scroll delay)


Message History

You open the door.
There is an open door here.
There is an entrance to Suoh's Antique Weapon Shoppe here.
You open the door.
There is an open door here.
n - an amulet of magic regeneration The kobold brigand shouts! x2; You hear a shout! x2
The kobold brigand shouts! x3
Javelincjr's ghost turns its malevolent gaze towards you.
You hear a shout!
Javelincjr's ghost says, "Death is but another step down the path of knowledge."
Javelincjr's ghost screams, "Very impressive.
But it won't help.
Nothing will."
For a moment, you lose track of javelincjr's ghost.
Unknown command.
Could not explore, unopened runed door.
The death yak bellows!
The yak bellows!
You hear a bellow!
Javelincjr's ghost says, "I have plenty of time to study, now."
An orc comes into view. It is wielding a +0 flail.
The orc shouts!
The orc attacks as it pursues you! The orc hits you with a +0 flail.
The orc attacks as it pursues you! The orc hits you with a +0 flail.
The orc attacks as it pursues you! The orc hits you with a +0 flail.
The death yak attacks as it pursues you!
The death yak gores you!!
There is a stone staircase leading up here.
The death yak gores you!!
You climb upwards.
Level annotation: exclusion: downstairs
There is a stone staircase leading down here.
Unknown command.
Unknown command.
Unknown command.
As you slowly read the scroll of teleportation, it crumbles to dust.
You feel strangely unstable. The death yak gores you!
* * * LOW HITPOINT WARNING * * *
Unknown command.
Unknown command.
The death yak attacks as it pursues you!
The death yak gores you!!
You die...

##.# #.##.###### #.# #.....#
##.#### #.≈≈≈.# ####### ......#
#.~∩≈.# #...... ###...# #.≈~≈.#
#.#.#.# #...# #.....# #......
###...########...## #.#.#.#
...............>Y# #......
###...######.#..@# #.#.#.#
#....# ###.#.#.###### #......
#.#######...#.#....).# ###...#
#...........#.######)#######...#
#..#.#.#.#..#.# #)##........#
##..........#.# #.##.#.#.#..#
#[#.#.#.#..#.######.#........##
#.................#....#.#.#.#
#.#.#.#.#..##...)............#


You could see a death yak.

Vanquished Creatures
  A death yak (D:8)
  A troll (D:8)
  Sigmund (D:2)
  5 yaks (D:8)
  A steam dragon (D:6)
  Duvessa (D:5)
  2 water moccasins
  An orc warrior (D:7)
  2 black bears
  A sky beast (D:8)
  2 ogres
  A centaur (D:8)
  A kobold brigand (D:4)
  2 bullfrogs
  4 scorpions
  11 wights
  Dowan (D:5)
  2 howler monkeys
  4 crimson imps (D:6)
  3 hounds
  3 jellies
  2 orc priests (D:7)
  A sleepcap (D:8)
  Terence (D:2)
  3 orc wizards
  3 iguanas
  7 adders
  A shadow imp (D:5)
  3 white imps
  3 ufetubi
  4 worms
  3 dart slugs
  15 orcs
  6 ball pythons
  7 endoplasms
  7 giant cockroaches
  6 goblins
  11 hobgoblins
  8 jackals
  6 kobolds
  4 quokkas
  5 bats
  3 frilled lizards
  7 rats
166 creatures vanquished.

Notes
Turn   | Place    | Note
-------+----------+-------------------------------------------
     0 | D:1      | tabstorm the Armataur Monk began the quest for the Orb.
     0 | D:1      | Reached XP level 1. HP: 19/19 MP: 1/1
    88 | D:1      | Reached XP level 2. HP: 25/26 MP: 2/2
   520 | D:1      | You fall into a shaft and drop 1 floor!
   528 | D:2      | Reached skill level 3 in Axes
   616 | D:2      | Reached XP level 3. HP: 33/33 MP: 3/3
   628 | D:2      | Noticed Sigmund
   643 | D:2      | Killed Sigmund
   644 | D:2      | Reached skill level 4 in Axes
   644 | D:2      | Reached XP level 4. HP: 3/40 MP: 4/4
   644 | D:2      | Reached XP level 5. HP: 4/48 MP: 5/5
   968 | D:2      | Noticed Terence
   976 | D:2      | Killed Terence
   977 | D:2      | Reached skill level 5 in Axes
   985 | D:2      | Identified the +1 leather armour "Giasubb" {-Tele rC++
                  | Int+8 Dex+2}
  1855 | D:3      | Reached XP level 6. HP: 53/54 MP: 6/6
  2393 | D:3      | Reached skill level 13 in Axes
  2393 | D:3      | Reached XP level 7. HP: 60/60 MP: 7/7
  2393 | D:3      | Reached XP level 8. HP: 67/67 MP: 8/8
  2597 | D:4      | Identified the +0 helmet "Dyhuf" {+Blink rF- Dex+2 Stlth+}
  2599 | D:4      | its bad
  2836 | D:4      | Reached skill level 14 in Axes
  3306 | D:4      | Found a staircase to the Ecumenical Temple.
  3312 | Temple   | Entered the Ecumenical Temple
  3342 | Temple   | Became a worshipper of Warmaster Okawaru
  3342 | Temple   | Reached * piety under Okawaru
  3342 | Temple   | Reached ** piety under Okawaru
  3507 | D:5      | Entered Level 5 of the Dungeon
  3722 | D:5      | Found an opulent altar of Gozag.
  3987 | D:5      | Noticed Duvessa
  3987 | D:5      | Noticed Dowan
  4016 | D:5      | Killed Duvessa
  4017 | D:5      | Reached skill level 1 in Invocations
  4022 | D:5      | Killed Dowan
  4223 | D:5      | Noticed a hornet
  4228 | D:5      | Noticed croobank's ghost (amateur GnDe)
  4230 | D:5      | Found a transporter.
  4234 | D:5      | Found a transporter.
  4239 | D:5      | Reached XP level 9. HP: 74/74 MP: 9/9
  4482 | D:6      | Found a shimmering altar of Xom.
  4768 | D:6      | Found a sparkling altar of Nemelex Xobeh.
  5005 | D:6      | Noticed a two-headed ogre
  5895 | D:7      | Reached *** piety under Okawaru
  5941 | D:7      | Found Notyec's Distillery.
  5949 | D:7      | Bought a potion of haste for 140 gold pieces
  5949 | D:7      | Bought a potion of cancellation for 112 gold pieces
  5949 | D:7      | Bought a potion of heal wounds for 70 gold pieces
  7007 | D:8      | Found Coroujos's General Store.
  7160 | D:8      | Reached skill level 5 in Fighting
  7160 | D:8      | Reached XP level 10. HP: 73/85 MP: 9/12
  7164 | D:8      | Reached **** piety under Okawaru
  7574 | D:8      | Found Ara Ukui's Book Shoppe.
  7576 | D:8      | Noticed a death yak
  7605 | D:8      | Killed a death yak
  7686 | D:8      | Noticed a death yak
  7686 | D:8      | Noticed a death yak
  7686 | D:8      | Noticed a death yak
  7686 | D:8      | Found a staircase to the Lair.
  7686 | D:8      | Noticed a death yak
  7687 | D:8      | wtf...
  7791 | D:8      | Found Suoh's Antique Weapon Shoppe.
  7819 | D:8      | Found Bugur's Assorted Antiques.
  7886 | D:8      | Found a runed translucent gate.
  7887 | D:8      | Found a runed translucent gate.
  7887 | D:8      | Found a runed translucent gate.
  7887 | D:8      | Noticed javelincjr's ghost (novice OpCj)
  8300 | D:7      | Slain by a death yak

Illustrated notes .)......... #..###.......# # #.#####......#.# ...#.........#.+ ...#.....##....# ##.#.#...#.....# #...#...#...# #..........# #######.. #..........####@....... .....................?.. .................^.....# ..........##............ ..........#............. ........................ ......#................. ......##..#............. #..#.......####. Turn 2599 on D:4: its bad

#.###...###........
#.......#######.###
##..###.#.###.......#.#
........#.#
#######.#.###
##.####.#.# #...... ....
Y.#.# #######..####
.....###.###............
..........[..#####..####
#.....F@.......# ##.#
.#.......#.###.## #.###
YYY..###.#.##...###...#
>YY. .<#.)..........##
..# #####....)........ .
####....<###...##
#.........##..##
###.........##..#
................#


Turn 7687 on D:8: wtf...

Levels and vault maps discovered:
D:1:      saegor_arrival_simple_d, layout_rooms, nicolae_houndstooth_variations
D:2:      layout_loops_corners, minmay_three_crescents, uniq_terence,
          uniq_sigmund
D:3:      layout_basic
D:4:      layout_cave_pools, temple_green, minmay_increasing_density
D:5:      layout_cave_pools, overflow_temple_1_default, gammafunk_ghost_hive,
          chequers_serial_rivers_micro_c, uniq_duvessa
D:6:      layout_loops_ring, nemelex_diamond_rough_becter, led_xom_imps
D:7:      layout_basic, serial_glass, glass_columns_b, glass_columns_c,
          glass_columns_a, glass_columns_a, glass_columns_c, glass_columns_b,
          glass_columns_b, glass_columns_c, glass_columns_a, glass_columns_b,
          glass_columns_a, glass_columns_a, glass_columns_c, glass_columns_b,
          serial_shops, nicolae_shop_industrial_runoff
D:8:      layout_loops_ring, dpeg_lair_monsters, serial_shops,
          kennysheep_little_box, nicolae_shop_tiny_glass, shop,
          nicolae_shop_advertising_works [nicolae_subvault_shop_adworks],
          gammafunk_ghost_nasty_kobolds
Temple:   hellmonk_temple_forest_ring

Skill      XL: |  1  2  3  4  5  6  7  8  9 10 |
---------------+-------------------------------+-----
Fighting       | 3 5 |  5.4
Axes           | 3 4 5 13 14 | 14.0
Invocations    | 1 3 4 |  4.9
Armour         | 2 |  2.1
Dodging        | |  2.4

Action                     |  1- 3 |  4- 6 |  7- 9 | 10-12 || total
---------------------------+-------+-------+-------+-------++-------
  Melee: Hand axe          |    65 |    75 |   253 |       ||   393
         Tailslap          |     9 |    18 |    64 |     4 ||    95
         War axe           |       |       |    50 |       ||    50
         Dire flail        |       |       |    20 |    43 ||    63
  Throw: Stone             |       |       |     2 |       ||     2
 Invoke: Heroism           |       |       |     3 |     2 ||     5
    Use: Potion            |     1 |     1 |       |       ||     2
         Scroll            |       |     3 |     5 |     1 ||     9
 Armour: Robe              |    38 |       |       |       ||    38
         Ring mail         |     8 |    38 |       |       ||    46
         Scale mail        |       |       |   203 |    31 ||   234
  Dodge: Dodged            |    36 |    29 |    88 |    14 ||   167

Table legend: (Time is in decaauts)
 A = Elapsed time spent in this place.
 B = Non-inter-level travel time spent in this place.
 C = Inter-level travel time spent in this place.
 D = Time resting spent in this place.
 E = Time spent auto-exploring this place.
 F = Levels seen in this place.
 G = Mean time per level.
                   A        B        C        D        E       F      G
               +--------+--------+--------+--------+--------+-----+--------+
         Total |   8179 |   7752 |    427 |   1304 |   5002 |   9 |  908.8 |
       Dungeon |   8131 |   7721 |    410 |   1304 |   5002 |   8 | 1016.4 |
        Temple |     48 |     31 |     17 |      0 |      0 |   1 |   48.0 |
               +--------+--------+--------+--------+--------+-----+--------+

Top non-repeatable levels by time:
     D:7: 1323 daAuts
     D:8: 1268 daAuts
     D:6: 1136 daAuts
     D:4: 1099 daAuts
     D:2: 1083 daAuts
     D:5: 800 daAuts
     D:3: 723 daAuts
     D:1: 694 daAuts
  Temple: 48 daAuts
